 Dungeon Crawl Stone Soup version 0.26.1-11-gd32895ea62 (webtiles) character file.

Game seed: 12230365462604574102

606 Zeld the Cudgeller (level 7, -8/45 HPs)
             Began as an Octopode Warper on May 17, 2021.
             Splashed by a jelly's acid (10 damage)
             ... on level 5 of the Dungeon.
             The game lasted 00:08:00 (5244 turns).

Zeld the Cudgeller (Octopode Warper)                Turns: 5244, Time: 00:08:01

Health: -8/45      AC:  1    Str: 12    XL:     7   Next: 42%
Magic:  9/13       EV: 13    Int: 16    God:
Gold:   205        SH:  0    Dex: 11    Spells: 2/14 levels left

rFire    . . .     SeeInvis .   a - +0 mace
rCold    . . .     Faith    .   (no shield)
rNeg     . . .     Spirit   .   (helmet restricted)
rPois    .         Reflect  .   (no amulet)
rElec    .         Harm     .   (no ring)
rCorr    .         Rampage  .   (no ring)
Will     .....                  (no ring)
Stlth    ++........             (no ring)
HPRegen  0.15/turn              (no ring)
MPRegen  0.13/turn              (no ring)
                                (no ring)
                                (no ring)

@: no status effects
A: almost no armour, stealthy swim, amphibious, 8 rings, constrict 8, camouflage
1, gelatinous body 1
a: no special abilities


You were on level 5 of the Dungeon.
You visited 1 branch of the dungeon, and saw 5 of its levels.

You collected 205 gold pieces.

Inventory:

Hand Weapons
 a - a +0 mace (weapon)
 o - a +0 mace
Missiles
 b - 5 boomerangs of dispersal (quivered)
Scrolls
 c - 4 scrolls of blinking
 l - 3 scrolls of remove curse
 n - a scroll of enchant armour
 q - 3 scrolls of amnesia
 r - 3 scrolls of teleportation
Potions
 d - 8 potions of curing
 e - 4 potions of heal wounds {unknown}
 f - 3 potions of haste {unknown}
 i - a potion of might {unknown}
 k - a potion of mutation {unknown}
 m - a potion of magic {unknown}
 p - 3 potions of cancellation {unknown}
 s - a potion of flight {unknown}
 u - a potion of resistance {unknown}


   Skills:
 - Level 2.0 Fighting
 * Level 5.8 Maces & Flails
 - Level 1.0 Throwing
 - Level 2.3 Dodging
 + Level 4.0 Spellcasting
 + Level 4.8 Translocations


You had 2 spell levels left.
You knew the following spells:

 Your Spells              Type           Power        Failure   Level
a - Apportation           Tloc           36%          2%          1
b - Blink                 Tloc           N/A          3%          2
c - Gell's Gravitas       Tloc           9%           7%          3
d - Lesser Beckoning      Tloc           9%           7%          3
e - Teleport Other        Tloc           18%          7%          3

Your spell library contained the following spells:

 Spells                   Type           Power        Failure   Level
 Animate Skeleton         Necr           6%           17%         1
 Corona                   Hex            3%           17%         1
 Summon Small Mammal      Summ           12%          17%         1
 Passage of Golubria      Tloc           N/A          22%         4


Dungeon Overview and Level Annotations

Branches:
Dungeon (5/15)
 Temple: D:4-7

Altars:
Ru

Annotations:
D:5 2 runed translucent doors, Tirrikindir's ghost, novice OpFi


Innate Abilities, Weirdness & Mutations

You cannot wear most types of armour.
You are very stealthy in the water. (Stealth+)
You are amphibious.
You can wear up to eight rings at the same time.
You can use your tentacles to constrict eight enemies at once.
Your skin changes colour to match your surroundings (Stealth+).
Your rubbery body absorbs attacks. (AC +1, EV +1)


Message History

The jelly hits you.
You are splashed with acid!
You are too injured to fight recklessly!
You are too injured to fight recklessly!
You are too injured to fight recklessly!
You are too injured to fight recklessly!
You hit the jelly but do no damage.
Your tentacles burn!
The jelly is almost dead.
The jelly hits you.
* * * LOW HITPOINT WARNING * * *
You are splashed with acid!
* * * LOW HITPOINT WARNING * * *
Casting: Apportation (safe; 2% risk of failure)
Confirm with . or Enter, or press ? or * to list all spells.
You blink.
Casting: Blink (safe; 3% risk of failure)
Confirm with . or Enter, or press ? or * to list all spells.
You blink.
The jelly hits you.
* * * LOW HITPOINT WARNING * * *
You are splashed with acid!
You die...

#..#..#..#.. #####
##.....#....
##...## #.......##.
##.###.##
#.....##.#. #.##
##.###....##....
#.# #....##+####.#.
#§# #.####Ww≈# #.#.
##.###>## ≈≈≈###.#.
#J@.# ≈≈≈#.....
##.#######≈≈B#.....
#.§.....#≈$≈###.#.
#.#######≈≈≈# #.#.
#.# #≈≈≈# #.#. #.#
#≈wW# #.#. ..#
#≈W≈# #.#† ###
##+## #.#. #...#
#.#.


You could see a jelly.

Vanquished Creatures
  Duvessa (D:4)
  A sky beast (D:2)
  An ogre (D:4)
  Dowan (D:4)
  Terence (D:2)
  2 worker ants (D:4)
  A hound skeleton (D:4)
  A worker ant zombie (D:2)
  7 adders
  A shadow imp (D:5)
  An ooze (D:1)
  A worm (D:5)
  5 dart slugs
  4 leopard geckos
  7 orcs
  15 bats
  2 giant cockroaches
  7 goblins
  8 hobgoblins
  6 jackals
  2 quokkas
  A ball python (D:1)
  A ball python skeleton (D:4)
  4 frilled lizards
  5 kobolds
  3 rats
89 creatures vanquished.

Vanquished Creatures (others)
  15 plants
  5 toadstools (D:1)
20 creatures vanquished.

Grand Total: 109 creatures vanquished

Notes
Turn   | Place    | Note
-------+----------+-------------------------------------------
     0 | D:1      | Zeld the Octopode Warper began the quest for the Orb.
     0 | D:1      | Reached XP level 1. HP: 14/14 MP: 3/3
   186 | D:1      | Reached XP level 2. HP: 19/19 MP: 5/5
   189 | D:1      | Learned a level 2 spell: Blink
   624 | D:1      | Reached XP level 3. HP: 24/24 MP: 6/6
   638 | D:1      | Learned a level 3 spell: Gell's Gravitas
  1251 | D:2      | Reached skill level 3 in Maces & Flails
  1532 | D:2      | Reached XP level 4. HP: 21/29 MP: 7/7
  1580 | D:2      | Learned a level 3 spell: Lesser Beckoning
  2413 | D:2      | Noticed Terence
  2415 | D:2      | Found a sacrificial altar of Ru.
  2415 | D:2      | Noticed a sky beast
  2467 | D:2      | Killed Terence
  2467 | D:2      | Killed a sky beast
  2468 | D:2      | Reached skill level 4 in Maces & Flails
  2468 | D:2      | Reached XP level 5. HP: 24/34 MP: 9/9
  2648 | D:2      | Reached XP level 6. HP: 37/39 MP: 10/10
  2654 | D:2      | Learned a level 3 spell: Teleport Other
  3957 | D:4      | Reached skill level 5 in Maces & Flails
  4120 | D:4      | Noticed Dowan
  4441 | D:4      | Noticed Duvessa
  4473 | D:4      | Killed Duvessa
  4474 | D:4      | Reached XP level 7. HP: 45/45 MP: 12/12
  4474 | D:4      | Killed Dowan
  4796 | D:5      | Entered Level 5 of the Dungeon
  4882 | D:5      | Learned a level 1 spell: Apportation
  5124 | D:5      | Found a runed translucent door.
  5127 | D:5      | Noticed Tirrikindir's ghost (novice OpFi)
  5180 | D:5      | Found a runed translucent door.
  5244 | D:5      | HP: 2/45 [jelly (1)]
  5244 | D:5      | Splashed by a jelly's acid

Illustrated notes

Levels and vault maps discovered:
D:1:      ldierk_walled_garden, layout_loops_ring
D:2:      layout_loops_ring, dk_vineyard_3, nicolae_ru_great_annihilating_truth,
          uniq_terence
D:3:      layout_loops_ring
D:4:      layout_loops_ring, serial_bayou, serial_bayou_lagoon_a,
          serial_bayou_shore_b, serial_bayou_shore_b, serial_bayou_crossing,
          serial_bayou_pond_e, uniq_duvessa
D:5:      layout_loops_ring, ebering_ghost_sewer_f, hangedman_decor_slide_cut,
          minmay_strange_pillars

Skill      XL: |  1  2  3  4  5  6  7 |
---------------+----------------------+-----
Maces & Flails | 3 4 5 |  5.8
Spellcasting   | 3 4 |  4.0
Translocations | 4 |  4.8
Fighting       | |  2.0
Throwing       | |  1.0
Dodging        | |  2.3

Action                   |  1- 3 |  4- 6 |  7- 9 || total
-------------------------+-------+-------+-------++-------
Melee: Mace              |    69 |   100 |    27 ||   196
       Constrict         |    17 |    31 |     8 ||    56
       Tentacles         |    10 |    12 |     6 ||    28
 Cast: Blink             |     2 |     1 |     2 ||     5
       Apportation       |       |       |     4 ||     4
Evoke: Wand              |       |     7 |     1 ||     8
  Use: Scroll            |       |       |     8 ||     8
 Stab: Sleeping          |     7 |     8 |     1 ||    16
       Distracted        |       |     2 |       ||     2
       Paralysed         |       |     1 |       ||     1
Armor: Skin              |     7 |     9 |       ||    16
Dodge: Dodged            |    50 |    58 |    13 ||   121
